 Dungeon Sprint DCSS version 0.31-a0-960-g0fca184906 (webtiles) character file.

Game seed: 13826178295669307199

3278 sircluck the Grappler (level 9, -1/105 HPs)
             Began as a Troll Berserker on Oct 23, 2023.
             Was a High Priest of Trog.
             Slain by an efreet
             ... wielding a +2 scimitar of flaming
              (8 damage)
             ... in the Dungeon (Sprint VII: "The Pits").
             The game lasted 00:01:24 (605 turns).

sircluck the Grappler (Troll Berserker)              Turns: 605, Time: 00:01:25

Health: -1/105     AC:  4    Str: 31    XL:     9   Next: 69%
Magic:  8/8        EV: 15    Int:  3    God:    Trog [*****.]
Gold:   0          SH:  0    Dex: 15    Spells: 8/8 levels left

rFire   . .          .
                       - Unarmed
rCold   . . .        (no shield)
rNeg    . . .        a - +0 animal skin
rPois   .            (helmet restricted)
rElec   .            (no cloak)
rCorr   .            (gloves unavailable)
SInv    .            (boots unavailable)
Will    .....        (no amulet)
Stlth   +            k - +3 ring of dexterity
HPRegen 1.17/turn    l - +3 ring of dexterity
MPRegen 0.11/turn

%: no teleportation
@: on berserk cooldown, slowed, very slow
A: large, unfitting armour, claws 3, regeneration 1, shaggy fur 1, tough skin 1
a: Renounce Religion, Berserk, Trog's Hand, Brothers in Arms


You were in the Dungeon.
You worshipped Trog.
Trog was extremely pleased with you.
You visited 1 branch

Inventory:

Armour
 a - a +0 animal skin (worn)
Jewellery
 k - a +3 ring of dexterity (left claw)
 l - a +3 ring of dexterity (right claw)
Scrolls
 g - a scroll of blinking
 i - 2 scrolls of vulnerability
 j - a scroll of butterflies
Potions
 b - 6 potions of curing
 c - 13 potions of heal wounds
 d - 2 potions of haste
 e - 4 potions of magic
 f - 3 potions of berserk rage
 h - 2 potions of invisibility
 m - a potion of mutation


   Skills:
 + Level 11.5 Fighting
 + Level 11.3 Dodging
 + Level 13.4 Unarmed Combat


You had 8 spell levels left.
You didn't know any spells.
Your spell library was empty.

Dungeon Overview and Level Annotations

Branches:
Dungeon (1/1)

Altars:
Ashenzari
Cheibriados
Dithmenos
Elyvilon
Fedhas
Gozag
Hepliaklqana
Kikubaaqudgha
Makhleb
Nemelex Xobeh
Okawaru
Qazlal
Ru
Sif Muna
Trog
Uskayaw
Vehumet
Wu Jian
Xom
Yredelemnul
Zin
The Shining One
Jiyva
Lugonu


Innate Abilities, Weirdness & Mutations

You are too large for most types of armour.
You have claws for hands.
Your natural rate of healing is unusually fast.
You are covered in fur. (AC +1)
You have tough skin. (AC +1)


Message History

Your Unarmed Combat skill increases to level 13!
Unknown command.
The hell hog closely misses you.
You see here a hell hog corpse.
You completely miss the hell hog.
The hell hog bites you but does no damage.
You mangle the hell hog!!
The hell hog is heavily wounded.
The hell hog barely misses you.
You barely miss the hell hog.
The hell hog is heavily wounded.
You are no longer berserk.
You are exhausted.
You feel yourself slow down.
Unknown command.
You mangle the hell hog!!
You kill the hell hog!
Trog accepts your kill. Trog grants you a weapon!
Something appears at your feet!
You see here a +5 antimagic lajatang.
A deep troll comes into view.
You mangle the efreet!!
The efreet is heavily wounded.
An air elemental comes into view.
The deep troll is engulfed in blazing flames.
The efreet gestures at you. The bolt of fire hits you!
The air elemental is engulfed in blazing flames.
Your iron troll goes berserk!
The efreet gestures at you. The bolt of fire misses you.
A two-headed ogre comes into view.
It is wielding a +0 giant spiked club and a +0 giant club.
The deep troll bites you!!
* * * LOW HITPOINT WARNING * * *
The deep troll claws you.
* * * LOW HITPOINT WARNING * * *
The deep troll claws you!
* * * LOW HITPOINT WARNING * * *
The efreet hits you with a +2 scimitar of flaming!
You die...

'#####......#..#......#
)#..##................#
.#))#####'#####''######
##))##.......##''#
.#))##.......##..#
.#[[##.......##..#
##'###...<...##..#
....##.......##..#
....##.......##.@#
######.......##.RT#
##..###########.T°EO
.#.############...##..
##)#....#..[[##..## ...
.#)#....#!.[[##..# ..
##)'....'..))##..# .
.#†#....#..))##..#
.'.#....#.!))#


You could see a two-headed ogre, a deep troll, an efreet (ally target), an air
elemental and a friendly iron troll (summoned, berserk).

Vanquished Creatures
  3 hell hogs (D)
  A phantasmal warrior (D)
  An orange demon (D)
  A basilisk (D)
  A warg (D)
  A wolf (D)
  A phantom (D)
  A bullfrog (D)
  3 kobold brigands (D)
  A scorpion (D)
  A necrophage (D)
  A mummy (D)
  2 adders (D)
  2 ufetubi (D)
  An adder zombie (D)
  An endoplasm (D)
  A goblin (D)
  3 jackals (D)
  2 frilled lizards (D)
  A jackal zombie (D)
29 creatures vanquished.

Notes
Turn   | Place    | Note
-------+----------+-------------------------------------------
     0 | D        | sircluck the Troll Berserker began the quest for the Orb.
     0 | D        | Reached XP level 1. HP: 22/22 MP: 0/0
    23 | D        | Found a bloodstained altar of Trog.
    23 | D        | Found a shimmering blue altar of Sif Muna.
    23 | D        | Found a viscous altar of Jiyva.
    23 | D        | Found a hazy altar of Hepliaklqana.
    23 | D        | Found an opulent altar of Gozag.
    24 | D        | Found a glowing golden altar of the Shining One.
    24 | D        | Found a glowing silver altar of Zin.
    24 | D        | Found a basalt altar of Yredelemnul.
    24 | D        | Found a shimmering altar of Xom.
    24 | D        | Found an ornate altar of the Wu Jian Council.
    24 | D        | Found a sacrificial altar of Ru.
    24 | D        | Found a stormy altar of Qazlal.
    24 | D        | Found an iron altar of Okawaru.
    24 | D        | Found a sparkling altar of Nemelex Xobeh.
    24 | D        | Found a burning altar of Makhleb.
    24 | D        | Found a blossoming altar of Fedhas.
    24 | D        | Found a white marble altar of Elyvilon.
    24 | D        | Found a shadowy altar of Dithmenos.
    24 | D        | Found a snail-covered altar of Cheibriados.
    26 | D        | Found a radiant altar of Vehumet.
    26 | D        | Found a corrupted altar of Lugonu.
    27 | D        | Found a hide-covered altar of Uskayaw.
    27 | D        | Found an ancient bone altar of Kikubaaqudgha.
    27 | D        | Found a broken altar of Ashenzari.
    69 | D        | Reached XP level 2. HP: 31/31 MP: 1/1
    69 | D        | Reached ** piety under Trog
    76 | D        | Reached skill level 4 in Unarmed Combat
    87 | D        | Noticed a warg
    91 | D        | Reached *** piety under Trog
    92 | D        | Reached XP level 3. HP: 37/39 MP: 2/2
   103 | D        | Killed a warg
   104 | D        | Reached skill level 5 in Fighting
   104 | D        | Reached skill level 5 in Dodging
   104 | D        | Reached skill level 6 in Unarmed Combat
   104 | D        | Reached XP level 4. HP: 30/50 MP: 3/3
   104 | D        | Reached XP level 5. HP: 34/57 MP: 4/4
   109 | D        | Reached **** piety under Trog
   221 | D        | Reached skill level 7 in Unarmed Combat
   222 | D        | Reached ***** piety under Trog
   223 | D        | Reached skill level 8 in Unarmed Combat
   223 | D        | Reached XP level 6. HP: 31/68 MP: 5/5
   294 | D        | Noticed a basilisk
   302 | D        | Killed a basilisk
   303 | D        | Reached skill level 9 in Unarmed Combat
   303 | D        | Reached XP level 7. HP: 63/79 MP: 6/6
   321 | D        | Received a gift from Trog
   329 | D        | Reached skill level 10 in Unarmed Combat
   368 | D        | Noticed an orange demon
   368 | D        | Noticed a phantasmal warrior
   378 | D        | Killed a phantasmal warrior
   379 | D        | Reached skill level 11 in Unarmed Combat
   379 | D        | Reached XP level 8. HP: 63/92 MP: 7/7
   385 | D        | Killed an orange demon
   481 | D        | Noticed a hell hog
   587 | D        | Noticed a hell hog
   589 | D        | Noticed a hell hog
   592 | D        | Noticed an efreet
   595 | D        | Killed a hell hog
   596 | D        | Reached skill level 10 in Fighting
   596 | D        | Reached skill level 10 in Dodging
   596 | D        | Reached skill level 12 in Unarmed Combat
   596 | D        | Reached XP level 9. HP: 86/102 MP: 8/8
   598 | D        | Killed a hell hog
   599 | D        | Reached skill level 13 in Unarmed Combat
   603 | D        | Killed a hell hog
   603 | D        | Received a gift from Trog
   603 | D        | Noticed a deep troll
   605 | D        | Noticed a two-headed ogre
   605 | D        | Slain by an efreet

Illustrated notes

Levels and vault maps discovered:
D:        pitsprint [storerooms_1, entrance_room_1, metal_vault_3, armoury_1,
          mini_pit_1, grid_room_1, main_hall_1, silver_pit, the_coven_3,
          the_vestibule_1, steel_vault_2, golden_pit, hallway_of_sentries,
          crystal_vault_6, iron_vault_1, final_vault]

Skill      XL: |  1  2  3  4  5  6  7  8  9 |
---------------+----------------------------+-----
Fighting       | 3 5 6 7 9 10 11 | 11.5
Dodging        | 3 5 6 7 9 10 11 | 11.3
Unarmed Combat | 4 6 8 9 11 12 13 | 13.4

Action                     |  1- 3 |  4- 6 |  7- 9 || total
---------------------------+-------+-------+-------++-------
  Melee: Unarmed           |    28 |    44 |    48 ||   120
         Punch             |       |       |     1 ||     1
 Invoke: Berserk           |     1 |       |     2 ||     3
         Brothers in Arms  |       |       |     1 ||     1
    Use: Potion            |     1 |       |       ||     1
 Armour: Animal skin       |    26 |    22 |    33 ||    81
  Dodge: Dodged            |    19 |    19 |    19 ||    57

Table legend: (Time is in decaauts)
 A = Elapsed time spent in this place.
 B = Non-inter-level travel time spent in this place.
 C = Inter-level travel time spent in this place.
 D = Time resting spent in this place.
 E = Time spent auto-exploring this place.
 F = Levels seen in this place.
 G = Mean time per level.
                   A        B        C        D        E       F      G
               +--------+--------+--------+--------+--------+-----+--------+
         Total |    612 |    612 |      0 |    120 |    179 |   1 |  612.0 |
       Dungeon |    612 |    612 |      0 |    120 |    179 |   1 |  612.0 |
               +--------+--------+--------+--------+--------+-----+--------+

Top non-repeatable levels by time:
       D: 612 daAuts
